 Dungeon Crawl Stone Soup version 0.19.0-19-g8c6edcc (console) character file.

31656 Kloppie the Warrior (level 13, 0/126 HPs)
             Began as a Grey Draconian Berserker on Nov 12, 2016.
             Was a High Priest of Trog.
             Slain by a five-headed hydra (6 damage)
             ... on level 4 of the Lair of Beasts on Nov 13, 2016.
             The game lasted 00:25:59 (12987 turns).

Kloppie the Warrior (Grey Draconian Berserker)     Turns: 12987, Time: 00:25:59

Health: 0/126      AC: 15    Str: 19    XL:     13   Next: 27%
Magic:  13/13      EV:  2    Int:  7    God:    Trog [*****.]
Gold:   588        SH:  0    Dex: 17    Spells: 0 memorised, 12 levels left

rFire  . . .     SeeInvis .     a - +0 morningstar (vamp)
rCold  . . .     Gourm    .     (armour unavailable)
rNeg   + + +     Faith    .     (no shield)
rPois  ∞         Spirit   .     (helmet restricted)
rElec  .         Reflect  .     (no cloak)
rCorr  .         Harm     .     q - +0 pair of gloves
MR     +....                    C - +0 pair of boots
Stlth  ++........               t - amulet of regeneration
                                D - ring of positive energy
                                r - ring of protection from magic

@: petrified
A: walk through water, unfitting armour, unbreathing, cold-blooded, AC +13
a: Berserk, Trog's Hand, Brothers in Arms, Burn Spellbooks, Renounce Religion


You were on level 4 of the Lair of Beasts.
You worshipped Trog.
Trog was extremely pleased with you.
You were hungry.

You visited 2 branches of the dungeon, and saw 14 of its levels.
You also visited: Labyrinth and Ossuary.

You collected 588 gold pieces.

Inventory:

Hand Weapons
 a - a +0 vampiric morningstar (weapon)
 i - a +1 morningstar of holy wrath
 j - a +1 flail of protection
 I - a +5 antimagic great mace
Armour
 q - a +0 pair of gloves (worn)
 C - a +0 pair of boots (worn)
Rods
 w - a +1 iron rod (14/14)
   (You found it on level 8 of the Dungeon)
 M - a +1 iron rod (12/12)
   (You found it in a labyrinth)
Jewellery
 r - a ring of protection from magic (left hand)
 t - an amulet of regeneration (around neck)
 x - an uncursed ring of magical power
 D - a ring of positive energy (right hand)
Wands
 A - a wand of random effects (25/48)
 H - a wand of iceblast (3/15)
 J - a wand of disintegration (8/24)
 L - a wand of teleportation (4/9)
Scrolls
 f - 6 scrolls of teleportation
 g - a scroll of magic mapping
 n - 5 scrolls of blinking
 o - a scroll of silence
 v - 3 scrolls of enchant armour
 y - a scroll of enchant weapon
 F - a scroll of fog
 G - 2 scrolls of recharging
 O - 2 scrolls of remove curse
Potions
 c - 5 potions of curing
 d - 2 potions of invisibility
 e - 7 potions of agility
 k - a potion of resistance
 m - a potion of berserk rage
 p - a potion of flight
 s - 5 potions of heal wounds
 u - 2 potions of lignification {unknown}
 E - 5 potions of haste
 K - a potion of brilliance
Comestibles
 b - 6 bread rations
 h - 14 fruits
 l - a slice of pizza
 z - 14 chunks of flesh
 B - 2 beef jerkies


   Skills:
 - Level 15.0 Fighting
 + Level 14.4 Maces & Flails
 + Level 10.2 Dodging


You had 12 spell levels left.
You didn't know any spells.

Dungeon Overview and Level Annotations

Branches:
Dungeon (10/15)            Temple (0/1) D:5            Lair (4/6) D:10
  Swamp (0/4) Lair:3        Snake (0/4) Lair:3          Orc (0/2) D:9

Altars:
Dithmenos
Kikubaaqudgha
Vehumet
Xom

Shops:
D:6 [


Innate Abilities, Weirdness & Mutations

You can walk through water.
Your dull iron-grey scales are very hard. (AC +13)
You cannot fit into any form of body armour.
You can survive without breathing.
You are cold-blooded and may be slowed by cold attacks.


Message History

The five-headed hydra bites you.
* * * LOW HITPOINT WARNING * * *
The five-headed hydra barely misses you.
The five-headed hydra bites you but does no damage.
The rime drake bites you but does no damage.
The five-headed hydra bites you!
* * * LOW HITPOINT WARNING * * *
The five-headed hydra bites you but does no damage.
The five-headed hydra completely misses you.
The five-headed hydra bites you but does no damage.
The five-headed hydra bites you.
* * * LOW HITPOINT WARNING * * *
The rime drake bites you.
The rime drake bites you but does no damage.
The five-headed hydra bites you!
* * * LOW HITPOINT WARNING * * *
The five-headed hydra bites you!
* * * LOW HITPOINT WARNING * * *
The five-headed hydra bites you!
You die...

.... # #######..# #
#........# ##
#†.############## #######.
#...#..##.#.#...####P.#.#.#
#..........................
#....k.....................
####.#.##Dk#....#.##.#.###.
#######@############# #.
### #. ##. # ##.. ....##.#.
......... P#...###. #. ####
##. ..# #..


You could see a five-headed hydra and a rime drake.

Vanquished Creatures
  A frost giant (D:10)
  A minotaur (Lab)
  An ice dragon (D:10)
  4 hydras
  A catoblepas (Lair:2)
  Erica (D:9)
  6 death yaks
  Nergalle (Lair:3)
  A black mamba (Lair:3)
  An ice statue (D:10)
  8 spiny frogs
  6 rime drakes
  4 komodo dragons
  2 polar bears
  A troll (D:10)
  The ghost of Kloppie the Skirmisher, an amateur DsBe of Trog (D:5)
  A hornet (D:9)
  5 blink frogs (Lair:4)
  7 hippogriffs
  4 basilisks
  10 yaks
  2 wyverns (Lair:4)
  A naga (Lair:3)
  7 water moccasins
  9 porcupines
  7 orc warriors
  18 ice beasts (D:10)
  2 black bears
  3 sky beasts
  3 wolves (Lair:1)
  5 ogres
  4 centaurs
  9 crocodiles
  9 bullfrogs
  2 scorpions
  4 killer bees (D:10)
  16 wights
  8 electric eels (D:10)
  3 howler monkeys (D:7)
  2 crimson imps (D:9)
  A jelly (D:9)
  A bullfrog zombie (D:7)
  A quasit (D:7)
  A centaur zombie (D:9)
  4 orc priests
  4 hounds
  12 orc wizards
  3 bullfrog skeletons
  10 iguanas
  6 worker ants
  A hound zombie (D:6)
  A hound skeleton (D:4)
  13 mummies (Ossuary)
  2 worker ant zombies
  10 adders
  4 gnolls (D:4)
  3 river rats
  A shadow imp (D:5)
  2 oozes
  An adder zombie (D:8)
  An adder skeleton (D:9)
  3 worms
  A dart slug (D:1)
  8 leopard geckos
  35 orcs
  8 bats
  6 giant cockroaches
  4 goblins
  8 hobgoblins
  2 jackals (D:4)
  6 kobolds
  10 quokkas
  2 ball pythons
  4 frilled lizards
  4 goblin skeletons (Ossuary)
  4 kobold skeletons (Ossuary)
  A quokka skeleton (D:5)
  8 rats
  11 rat skeletons (Ossuary)
388 creatures vanquished.

Vanquished Creatures (others)
  3 fungi
3 creatures vanquished.

Grand Total: 391 creatures vanquished

Notes
Turn   | Place    | Note
-------+----------+-------------------------------------------
     0 | D:1      | Kloppie the Draconian Berserker began the quest for the Orb.
     0 | D:1      | Reached XP level 1. HP: 19/19 MP: 1/1
   277 | D:1      | Reached XP level 2. HP: 16/26 MP: 2/2
   793 | D:2      | Reached XP level 3. HP: 19/31 MP: 3/3
  1073 | D:2      | Reached ** piety under Trog
  1208 | D:2      | Found a shimmering altar of Xom.
  1328 | D:3      | Reached XP level 4. HP: 18/40 MP: 4/4
  1615 | D:3      | Reached skill level 4 in Fighting
  1868 | D:3      | Reached XP level 5. HP: 44/47 MP: 5/5
  2610 | D:4      | Identified the Almanac of Assistive Dislocation
  2725 | D:4      | Reached *** piety under Trog
  2849 | D:4      | Reached XP level 6. HP: 53/55 MP: 6/6
  2944 | D:4      | Reached skill level 5 in Fighting
  2944 | D:4      | Reached skill level 5 in Maces & Flails
  3359 | D:4      | Your scales start taking on a dull iron-grey colour.
  3359 | D:4      | Reached XP level 7. HP: 61/61 MP: 7/7
  3359 | D:4      | Gained mutation: You can survive without breathing. [Grey Draconian growth]
  3544 | D:5      | Entered Level 5 of the Dungeon
  3544 | D:5      | Noticed Kloppie's ghost (amateur DsBe)
  3558 | D:5      | Killed Kloppie's ghost
  3558 | D:5      | Reached skill level 6 in Fighting
  3558 | D:5      | Reached skill level 5 in Dodging
  3908 | D:5      | Reached XP level 8. HP: 71/71 MP: 8/8
  3933 | D:5      | Found a staircase to the Ecumenical Temple.
  4335 | D:6      | Found an ancient bone altar of Kikubaaqudgha.
  4560 | D:6      | Found Emynnuli's Antique Armour Shoppe.
  4572 | D:6      | Reached skill level 7 in Fighting
  4835 | D:6      | Reached **** piety under Trog
  4907 | D:6      | Found a radiant altar of Vehumet.
  5343 | D:7      | Noticed a hippogriff
  5351 | D:7      | Killed a hippogriff
  5351 | D:7      | Reached XP level 9. HP: 81/81 MP: 9/9
  5352 | D:7      | Reached skill level 8 in Fighting
  5611 | D:7      | Found a sand-covered staircase.
  5654 | Ossuary  | Entered an ossuary
  5917 | Ossuary  | Reached ***** piety under Trog
  6879 | D:9      | Reached skill level 9 in Fighting
  6960 | D:9      | Noticed Erica
  6972 | D:9      | Killed Erica
  6972 | D:9      | Reached XP level 10. HP: 79/91 MP: 10/10
  7394 | D:9      | Reached skill level 10 in Fighting
  7584 | D:9      | Found a staircase to the Orcish Mines.
  7893 | D:10     | Entered Level 10 of the Dungeon
  7923 | D:9      | Received a gift from Trog
  8097 | D:10     | Found a staircase to the Lair.
  8165 | D:9      | Reached skill level 10 in Maces & Flails
  8595 | D:10     | Reached skill level 11 in Fighting
  8828 | D:10     | Reached XP level 11. HP: 88/102 MP: 11/11
  9415 | D:10     | Noticed a frost giant
  9432 | D:10     | Killed a frost giant
  9719 | D:10     | Noticed an ice dragon
  9736 | D:10     | Killed an ice dragon
  9736 | D:10     | Reached skill level 12 in Fighting
  9800 | Lair:1   | Entered Level 1 of the Lair of Beasts
  9896 | Lair:1   | Found a labyrinth entrance.
  9905 | Lab      | Entered a labyrinth
 10016 | Lab      | Noticed a minotaur
 10022 | Lab      | Killed a minotaur
 10081 | Lair:1   | Noticed an eight-headed hydra
 10093 | Lair:1   | Killed an eight-headed hydra
 10257 | Lair:1   | Reached skill level 13 in Fighting
 10332 | Lair:1   | Reached XP level 12. HP: 75/115 MP: 12/12
 10505 | Lair:1   | Noticed a four-headed hydra
 10514 | Lair:1   | Killed a four-headed hydra
 10702 | Lair:1   | Received a gift from Trog
 11098 | Lair:2   | Found a shadowy altar of Dithmenos.
 11178 | Lair:2   | Noticed a catoblepas
 11198 | Lair:2   | Killed a catoblepas
 11293 | Lair:2   | Reached skill level 14 in Fighting
 11297 | Lair:2   | Noticed a death yak
 11301 | Lair:2   | Noticed a death yak
 11302 | Lair:2   | Noticed a death yak
 11330 | Lair:2   | Killed a death yak
 11339 | Lair:2   | Killed a death yak
 11347 | Lair:2   | Killed a death yak
 11681 | Lair:3   | Noticed a seven-headed hydra
 11685 | Lair:3   | Received a gift from Trog
 11698 | Lair:3   | Killed a seven-headed hydra
 11860 | Lair:3   | Found a staircase to the Swamp.
 11917 | Lair:3   | Found a staircase to the Snake Pit.
 12000 | Lair:3   | Noticed a death yak
 12000 | Lair:3   | Noticed a death yak
 12006 | Lair:3   | Noticed a death yak
 12014 | Lair:3   | Noticed Nergalle
 12092 | Lair:2   | Killed a death yak
 12098 | Lair:2   | Killed a death yak
 12163 | Lair:3   | Killed a death yak
 12180 | Lair:3   | Killed Nergalle
 12180 | Lair:3   | Reached skill level 15 in Fighting
 12180 | Lair:3   | Reached XP level 13. HP: 126/126 MP: 13/13
 12883 | Lair:4   | Reached skill level 10 in Dodging
 12987 | Lair:4   | HP: 6/126 [five-headed hydra (4)]
 12987 | Lair:4   | Slain by a five-headed hydra

Skill      XL: |  1  2  3  4  5  6  7  8  9 10 11 12 13 |
---------------+----------------------------------------+-----
Dodging        | 3 4 5 6 8 9 10 | 10.2
Maces & Flails | 4 5 6 7 9 10 12 13 14 | 14.4
Fighting       | 4 5 6 7 9 11 13 15 | 15.0

Action                   |  1- 3 |  4- 6 |  7- 9 | 10-12 | 13-15 || total
-------------------------+-------+-------+-------+-------+-------++-------
Melee: Mace              |   136 |   156 |    20 |       |       ||   312
       Tailslap          |    16 |    18 |    90 |   165 |    25 ||   314
       Flail             |       |       |   368 |       |       ||   368
       Morningstar       |       |       |    96 |   863 |   154 ||  1113
Invok: Berserk           |     1 |     4 |     3 |    20 |     1 ||    29
       Trog's Hand       |       |       |     1 |     7 |     3 ||    11
  Use: Scroll            |       |       |    17 |    16 |       ||    33
       Potion            |       |       |       |     7 |     3 ||    10
 Stab: Distracted        |     1 |       |       |       |       ||     1
       Sleeping          |     1 |     1 |     4 |     2 |       ||     8
  Eat: Chunk             |     1 |     6 |    16 |    28 |     3 ||    54
       Meat ration       |       |     1 |     1 |     2 |       ||     4
       Royal jelly       |       |       |       |     1 |       ||     1
       Pizza             |       |       |       |       |     1 ||     1
Armor: Skin              |    47 |    37 |   170 |   291 |   114 ||   659
Dodge: Dodged            |   115 |   116 |   385 |   902 |   230 ||  1748
